 Dungeon Crawl Stone Soup version 0.29.1-1-gd02db6906a (webtiles) character file.

Game seed: 14091330403181143201

11163 RogueRain17 the Destroyer (level 11, -1/74 HPs)
             Began as a Demigod Conjurer on Sept 27, 2022.
             Slain by a black mamba (2 damage)
             ... while petrified by a basilisk
             ... on level 1 of the Lair of Beasts.
             The game lasted 00:39:34 (12176 turns).

RogueRain17 the Destroyer (Demigod Conjurer)       Turns: 12176, Time: 00:39:35

Health: -1/74      AC:  7    Str:  8    XL:     11   Next: 22%
Magic:  28/28      EV:  2    Int: 32    God:
Gold:   307        SH:  0    Dex: 12    Spells: 6/16 levels left

rFire   . . .      SeeInvis .   g - +1 sling (chaos)
rCold   . . .      Faith    .   y - +0 buckler
rNeg    + + +      Spirit   .   o - +0 steam dragon scales
rPois   ∞          Reflect  .   K - +0 helmet
rElec   .          Harm     .   F - +0 cloak
rCorr   .          Rampage  .   (no gloves)
Will    +....                   (no boots)
Stlth   ++........              z - amulet of magic regeneration
HPRegen 0.22/turn               j - ring of poison resistance
MPRegen 0.61/turn               w - ring of magical power

@: petrified, invisible
A: high MP 1, forlorn, divine attributes
a: no special abilities


You were on level 1 of the Lair of Beasts.
You visited 2 branches of the dungeon, and saw 12 of its levels.
You also visited: Bailey.

You collected 667 gold pieces.
You spent 360 gold pieces at shops.

Inventory:

Hand Weapons
 g - a +1 sling of chaos (weapon)
 I - a +2 dagger of holy wrath
 O - a +0 dagger of draining
Missiles
 u - 2 throwing nets
Armour
 a - a +1 robe
 o - +0 steam dragon scales (worn)
 y - a +0 buckler (worn)
 F - a +0 cloak (worn)
 K - a +0 helmet (worn)
Jewellery
 j - a ring of poison resistance (left hand)
 m - a ring of fire
 q - an amulet of guardian spirit
 w - a ring of magical power (right hand)
 z - an amulet of magic regeneration (around neck)
 D - a ring of willpower
 L - a +6 ring of strength
 Q - a +4 ring of protection
Wands
 f - a wand of charming (6)
 G - a wand of polymorph (6)
 J - a wand of flame (4)
 R - a wand of quicksilver (4)
Scrolls
 b - 3 scrolls of blinking
 e - 6 scrolls of noise
 h - 3 scrolls of fog
 k - 9 scrolls of teleportation
 p - 2 scrolls of amnesia
 t - a scroll of torment
 v - 5 scrolls of enchant weapon
 x - a scroll of immolation
 M - a scroll of enchant armour
Potions
 c - 4 potions of curing
 d - 5 potions of attraction
 i - a potion of invisibility
 l - a potion of lignification
 n - 4 potions of degeneration {unknown}
 r - 2 potions of haste {unknown}
 s - 2 potions of berserk rage {unknown}
 A - 3 potions of mutation {unknown}
 B - 2 potions of might
 C - 3 potions of heal wounds
 E - a potion of flight {unknown}
 H - 4 potions of magic
 P - a potion of experience {unknown}


   Skills:
 - Level 1.7 Dodging
 - Level 1.7 Stealth
 - Level 5.0 Shields
 - Level 3.0 Spellcasting
 + Level 14.4 Conjurations
 - Level 7.0 Translocations


You had 6 spell levels left.
You knew the following spells:

 Your Spells              Type           Power      Damage    Failure   Level
a - Magic Dart            Conj           100%       1d8       1%          1
b - Searing Ray           Conj           100%       2d8       1%          2
c - Iskenderun's Mystic   Conj/Tloc      65%        2d13      1%          4
d - Blink                 Tloc           98%        N/A       1%          2
e - Apportation           Tloc           98%        N/A       1%          1

Your spell library contained the following spells:

 Spells                   Type           Power      Damage    Failure   Level
 Static Discharge         Conj/Air       50%        3-10/arc  1%          2
 Dazzling Flash           Conj/Hex       100%       N/A       1%          3
 Gell's Gravitas          Tloc           49%        N/A       1%          3
 Lesser Beckoning         Tloc           49%        N/A       1%          3
 Teleport Other           Tloc           49%        N/A       1%          3
 Fulminant Prism          Conj/Hex       25%        3d14      4%          4
 Sticky Flame             Conj/Fire      50%        2d7       4%          4
 Necrotise                Necr           16%        1d4       8%          1
 Summon Small Mammal      Summ           16%        N/A       8%          1
 Manifold Assault         Tloc           49%        N/A       12%         5
 Inner Flame              Hex/Fire       4%         N/A       24%         3
 Cause Fear               Hex            2%         N/A       61%         4
 Dispel Undead            Necr           4%         3d7       61%         4
 Discord                  Hex            2%         N/A       100%        8


Dungeon Overview and Level Annotations

Branches:
Dungeon (11/15)            Temple (0/1) D:7            Lair (1/5) D:9
 Bailey (visited)
    Orc: D:9-12

Shops:
D:3 !   D:6 *   D:7 *

Annotations:
D:4 Ijyb
D:7 1 runed translucent door, Iamsock's ghost, novice GnWn


Innate Abilities, Weirdness & Mutations

You have an increased reservoir of magic. (+10% MP)
You shall have no god before yourself.
Your divine heritage dramatically boosts your attributes as you level up.


Message History

The wolf bites you. The wolf bites you but does no damage.
The black mamba bites you but does no damage.
The wolf bites you. x2; The black mamba bites you!
The wolf bites you. The wolf bites you! The wolf bites you.
The wolf bites you but does no damage.
The black mamba bites you but does no damage.
The wolf bites you but does no damage. The wolf completely misses you.
The wolf bites you. x2
The black mamba bites you but does no damage.
The wolf bites you. The wolf barely misses you.
The wolf bites you but does no damage. The wolf barely misses you.
The black mamba bites you but does no damage.
The wolf bites you. x2; The wolf bites you but does no damage. x2
The black mamba bites you but does no damage.
The wolf bites you! The basilisk gazes at you.
The wolf resists with significant effort.
The wolf stops moving altogether!
The wolf bites you. The wolf bites you but does no damage.
The black mamba bites you.
* * * LOW HITPOINT WARNING * * *
The wolf bites you but does no damage. x2; The wolf bites you.
* * * LOW HITPOINT WARNING * * *
The black mamba bites you.
* * * LOW HITPOINT WARNING * * *
The wolf bites you.
* * * LOW HITPOINT WARNING * * *
The wolf bites you!
* * * LOW HITPOINT WARNING * * *
The wolf bites you.
* * * LOW HITPOINT WARNING * * *
The black mamba bites you. The wolf bites you!
* * * LOW HITPOINT WARNING * * *
The wolf bites you. x2
* * * LOW HITPOINT WARNING * * *
The black mamba bites you!
* * * LOW HITPOINT WARNING * * *
The wolf bites you but does no damage. x2; The wolf bites you.
* * * LOW HITPOINT WARNING * * *
The black mamba bites you.
You die...

## # ..##P#
.....#
###.....#
##........
##.<.......
#.h@S†.....
#.hhh......
#P..l.....?.
##..........
#..........
#(.........
##.........
##....?...


You could see a black mamba (unable to see you), a basilisk (unable to see you)
and 4 wolves.

Vanquished Creatures
  4 two-headed ogres
  A cyclops (D:11)
  A kobold demonologist (D:9)
  A komodo dragon (D:9)
  Sigmund (D:6)
  A wraith (D:9)
  A shadow (D:10)
  4 spriggans (Bailey)
  A wyvern (D:9)
  10 yaks
  4 steam dragons
  Menkaure (D:5)
  An acid dragon (Bailey)
  6 water moccasins
  5 black bears
  A sky beast (D:8)
  A wolf (Lair:1)
  An ice beast (D:7)
  6 centaurs
  2 ogres (Bailey)
  2 phantoms
  5 bullfrogs
  2 necrophages
  3 scorpions
  4 wights (D:9)
  8 killer bees
  17 howler monkeys
  An orc priest (D:8)
  A jelly (D:5)
  5 gnoll boudas
  4 orc wizards
  20 gnolls
  5 adders
  An ufetubus (D:4)
  2 worms (D:3)
  A dart slug (D:3)
  19 orcs
  7 ball pythons
  A bat (D:1)
  7 endoplasms
  A giant cockroach (D:1)
  10 goblins
  3 hobgoblins
  10 jackals
  3 quokkas
  4 frilled lizards
  5 kobolds
  5 rats
209 creatures vanquished.

Vanquished Creatures (others)
  33 fungi (D:9)
  34 plants (D:9)
67 creatures vanquished.

Grand Total: 276 creatures vanquished

Notes
Turn   | Place    | Note
-------+----------+-------------------------------------------
     0 | D:1      | RogueRain17 the Demigod Conjurer began the quest for the
                  | Orb.
     0 | D:1      | Reached XP level 1. HP: 14/14 MP: 5/5
   226 | D:1      | Reached skill level 4 in Conjurations
   425 | D:1      | Reached XP level 2. HP: 20/20 MP: 5/7
  1942 | D:2      | Reached XP level 3. HP: 26/26 MP: 6/8
  2575 | D:3      | Reached skill level 5 in Conjurations
  2689 | D:3      | Found Oneac's Distillery.
  3116 | D:4      | Learned a level 2 spell: Searing Ray
  3188 | D:4      | Noticed Ijyb
  3477 | D:4      | Reached XP level 4. HP: 33/33 MP: 6/9
  3736 | D:4      | Noticed a phantom
  3743 | D:4      | Killed a phantom
  3902 | D:4      | Reached skill level 6 in Conjurations
  3902 | D:4      | Reached XP level 5. HP: 38/38 MP: 6/10
  4149 | D:5      | Entered Level 5 of the Dungeon
  4240 | D:5      | Noticed a black bear
  4245 | D:5      | Killed a black bear
  4302 | D:5      | Reached XP level 6. HP: 29/45 MP: 1/11
  4524 | D:5      | Reached skill level 7 in Conjurations
  5100 | D:5      | Reached skill level 8 in Conjurations
  5100 | D:5      | Reached XP level 7. HP: 46/50 MP: 6/12
  5123 | D:5      | Noticed Menkaure
  5128 | D:5      | Killed Menkaure
  5674 | D:6      | Noticed a steam dragon
  5686 | D:6      | Killed a steam dragon
  5687 | D:6      | Reached skill level 9 in Conjurations
  6133 | D:6      | Noticed Sigmund
  6145 | D:6      | Killed Sigmund
  6146 | D:6      | Reached skill level 10 in Conjurations
  6146 | D:6      | Reached XP level 8. HP: 55/57 MP: 5/13
  6162 | D:6      | Learned a level 4 spell: Iskenderun's Mystic Blast
  6165 | D:6      | Learned a level 2 spell: Blink
  6657 | D:6      | Reached skill level 1 in Translocations
  6998 | D:6      | Reached skill level 1 in Shields
  7076 | D:6      | Found Fezuenim's Neck Hole.
  7133 | D:6      | Bought an amulet of magic regeneration for 360 gold pieces
  7605 | D:7      | Found a runed translucent door.
  7611 | D:7      | Noticed Iamsock's ghost (novice GnWn)
  7689 | D:7      | Found Sicaabb's Serpentskin Sales.
  7766 | D:7      | Reached XP level 9. HP: 62/62 MP: 16/16
  8068 | D:7      | Found a staircase to the Ecumenical Temple.
  8430 | D:8      | Reached skill level 11 in Conjurations
  9390 | D:9      | Found a flagged portal.
  9432 | Bailey   | Entered a bailey
  9514 | Bailey   | Reached skill level 5 in Shields
  9514 | Bailey   | Reached skill level 5 in Translocations
  9548 | Bailey   | Noticed a two-headed ogre
  9574 | Bailey   | Killed a two-headed ogre
  9575 | Bailey   | Reached XP level 10. HP: 46/69 MP: 7/17
  9957 | D:9      | Noticed a two-headed ogre
  9965 | D:9      | Killed a two-headed ogre
  9966 | D:9      | Reached skill level 12 in Conjurations
 10228 | D:8      | Learned a level 1 spell: Apportation
 10362 | D:9      | Reached skill level 13 in Conjurations
 10444 | D:9      | Found a staircase to the Lair.
 10628 | D:9      | Noticed a two-headed ogre
 10634 | D:9      | Killed a two-headed ogre
 10779 | D:9      | Reached XP level 11. HP: 57/74 MP: 7/19
 11144 | D:10     | Entered Level 10 of the Dungeon
 11223 | D:10     | Noticed a two-headed ogre
 11232 | D:10     | Killed a two-headed ogre
 11233 | D:10     | Reached skill level 14 in Conjurations
 12163 | Lair:1   | Entered Level 1 of the Lair of Beasts
 12175 | Lair:1   | HP: 2/74 [black mamba (4)]
 12176 | Lair:1   | Slain by a black mamba

Illustrated notes

Levels and vault maps discovered:
D:1:      dpeg_arrival_court, layout_basic
D:2:      layout_loops_ring, hellmonk_ecumenical_altar_lost_god,
          minmay_liquid_box
D:3:      layout_rooms, serial_shops, nicolae_shop_trees
D:4:      layout_basic, xom_teletrap_fun, kiku_gazebo_pond_becter, uniq_ijyb
D:5:      layout_loops_corners, uniq_menkaure
D:6:      layout_basic, kennysheep_mini, nicolae_shop_sticking_my_neck_out,
          uniq_sigmund
D:7:      layout_cave_pools, marbit_many_paths, temple_hall, serial_glass,
          glass_columns_b, glass_columns_a, feat_on_display, item_on_display_a,
          ebering_ghost_reflecting_pool, chequers_serial_rivers_small_3,
          guppyfry_shop_venom
D:8:      wander_river, layout_basic
D:9:      layout_roguey, zin_scriptorium, due_lair_maze_entry_diamond,
          enter_bailey_5, corner_web_ring, hangedman_decor_opposing
D:10:     layout_rooms, minmay_between
D:11:     regret_index_wax_grids, layout_basic, uniq_josephine
Lair:1:   layout_cave_pods, portal_ice_cave_entry_ice_simulacra,
          kennysheep_snail_temple

Skill      XL: |  1  2  3  4  5  6  7  8  9 10 11 |
---------------+----------------------------------+-----
Conjurations   | 4 5 6 8 10 11 13 14 | 14.4
Spellcasting   | 3 |  3.0
Translocations | 3 5 7 |  7.0
Shields        | 2 5 |  5.0
Dodging        | |  1.7
Stealth        | |  1.7

Action                   |  1- 3 |  4- 6 |  7- 9 | 10-12 || total
-------------------------+-------+-------+-------+-------++-------
 Fire: Sling             |     8 |    25 |    15 |    10 ||    58
 Cast: Magic Dart        |   115 |    55 |   152 |    32 ||   354
       Searing Ray       |       |     7 |    23 |     2 ||    32
       Iskenderun's Myst |       |       |    34 |    79 ||   113
Evoke: Wand              |     1 |       |     6 |       ||     7
  Use: Scroll            |     4 |       |     8 |     4 ||    16
       Potion            |       |       |     7 |     1 ||     8
Armor: Robe              |     4 |     2 |    16 |       ||    22
       Steam dragon scal |       |       |     3 |    37 ||    40
Dodge: Dodged            |    13 |    20 |    58 |    45 ||   136
Block: Buckler           |       |       |     4 |    12 ||    16
